 Dungeon Crawl Stone Soup version 0.22-a0-307-g2b15929 (webtiles) character file.

7639 4thArraOfDagon the Arsonist (level 11, -10/81 HPs)
             Began as a Naga Fire Elementalist on Apr 1, 2018.
             Was a Follower of Ashenzari.
             Mangled by Erolcha
             ... wielding a +0 giant club
              (16 damage)
             ... on level 12 of the Dungeon.
             The game lasted 00:23:27 (3242 turns).

4thArraOfDagon the Arsonist (NaFE)                  Turns: 3242, Time: 00:23:28

Health: -10/81     AC: 11    Str: 10    XL:     11   Next: 18%
Magic:  8/21       EV: 10    Int: 27    God:    Ashenzari [*.....]
Gold:   220        SH:  0    Dex: 11    Spells: 11/24 levels left

rFire    + . .     SeeInvis +   s - +7 falchion "Leiw Eno" {freeze, Fragile rPois Int+7}
rCold    . . .     Gourm    +   (no shield)
rNeg     . . .     Faith    .   v - +2 robe {rF+}
rPois    +         Spirit   .   e - +1 hat
rElec    .         Reflect  .   y - +0 cloak
rCorr    .         Harm     .   (no gloves)
MR       +....                  (no barding)
Stlth    ++........             b - amulet of the gourmand
HPRegen  0.23/turn              g - +3 ring of protection
MPRegen  0.17/turn              l - ring of flight

@: very slightly contaminated, very slow
A: large, see invisible, deformed body, poison resistance, slowness 2, slow
metabolism 1, spit poison 1, AC +3
a: Spit Poison, Curse Item, Scrying, Renounce Religion, Evoke Flight


You were on level 12 of the Dungeon.
You worshipped Ashenzari.
Ashenzari was aware of your devotion.
You were very full.

You visited 1 branch of the dungeon, and saw 12 of its levels.

You collected 448 gold pieces.
You spent 228 gold pieces at shops.

Inventory:

Hand Weapons
 i - a +0 quarterstaff
 o - a +1 war axe of freezing
 q - a +2 dire flail of protection
 s - the +7 falchion "Leiw Eno" (weapon) {freeze, Fragile rPois Int+7}
   (You found it on level 5 of the Dungeon)

   It has been specially enchanted to freeze those struck by it, causing extra
   injury to most foes and up to half again as much damage against particularly
   susceptible opponents.
   It can also slow down cold-blooded creatures.
   It affects your intelligence (+7).
   It protects you from poison.
   It will be destroyed if unequipped.
 z - the +9 whip "Xasolim" {elec, rN+ Dex+2}
   (You found it on level 10 of the Dungeon)

   Occasionally, upon striking a foe, it will discharge some electrical energy
   and cause terrible harm.
   It affects your dexterity (+2).
   It protects you from negative energy.
Armour
 a - a +0 robe
 e - a +1 hat (worn)
 u - a +2 robe of cold resistance
 v - a +2 robe of fire resistance (worn)
 y - a +0 cloak (worn)
Magical Staves
 m - an uncursed staff of death
 r - an uncursed staff of poison
 A - an uncursed staff of earth
Jewellery
 b - an amulet of the gourmand (around neck)
 g - a +3 ring of protection (left hand)
 l - a ring of flight (right hand)
Wands
 f - a wand of paralysis (8)
 B - a wand of iceblast (9)
Scrolls
 d - a scroll of immolation
 h - 6 scrolls of remove curse
 j - 4 scrolls of identify
 k - 4 scrolls of amnesia
 w - a scroll of fog
 x - a scroll of random uselessness
Potions
 n - a potion of degeneration
 p - a potion of flight
Miscellaneous
 t - a lightning rod (4/4)
Comestibles
 c - 13 rations


   Skills:
 - Level 1.5 Dodging
 - Level 3.0 Stealth
 + Level 7.2 Spellcasting
 * Level 10.7 Conjurations
 * Level 11.1 Fire Magic


You had 11 spell levels left.
You knew the following spells:

 Your Spells              Type           Power        Failure   Level  Hunger
a - Flame Tongue          Conj/Fire      #####        1%          1    None
b - Conjure Flame         Conj/Fire      ######..     1%          3    None
c - Sticky Flame          Conj/Fire      ######..     1%          4    ##.....
d - Fireball              Conj/Fire      ######....   1%          5    #####..


Dungeon Overview and Level Annotations

Branches:
Dungeon (12/15)            Temple (0/1) D:6             Orc (0/2) D:11
   Lair: D:8-11

Altars:
Ashenzari
The Shining One

Shops:
D:4 ?[:([   D:10 %

Annotations:
D:3 4thArraOfDagon's ghost, weakling NaFE
D:12 Erolcha


Innate Abilities, Weirdness & Mutations

You cannot wear boots.
Your serpentine skin is tough. (AC +3)
You have supernaturally acute eyesight. (SInv)
Armour fits poorly on your strangely shaped body.
Your system is resistant to poisons. (rPois)
You cover ground very slowly.
You have a slow metabolism.
You can spit poison.


Message History

You miscast Fireball.
You are very lightly contaminated with residual magic.
Sparks fly from your hands! Erolcha hits you with a giant club!
* * * LOW HITPOINT WARNING * * *
Unknown command.
Unknown command.
Enter note: rip
Enter note: have a nice ghost :) Unknown command.
Casting: Fireball (safe; 1% risk of failure)
Confirm with . or Enter, or press ? or * to list all spells.
Aiming: Fireball (safe; 1% risk of failure)
Press: ? - help, Shift-Dir - straight line The fireball explodes!
The fireball engulfs the cyclops.
The cyclops is heavily wounded.
The fireball engulfs Erolcha.
Erolcha is moderately wounded.
You hear a shout!
You hear a howl!
You hear a shout!
Erolcha hits you with a giant club!
You die...

#.(.. ##... .... ...
## #.# .# ######.#####
..#
#..........####..##..
#.....<ยง..^....Z.....
#.....CO@...........Z
##....##..(####......
#.......### .....
.>...##### ?... ####.#
$.G .. .. ... #


You could see Erolcha, a cyclops and a bullfrog zombie.

Vanquished Creatures
  The ghost of darksquall the Summoner, a novice OgIE of Sif Muna (D:10)
  2 unseen horrors (D:10)
  Pikel (D:7)
  2 ugly things
  A komodo dragon (D:10)
  Grinder (D:6)
  Prince Ribbit (D:7)
  3 hippogriffs
  A wyvern (D:10)
  A basilisk (D:10)
  Eustachio (D:6)
  Edmund (D:7)
  2 water moccasins (D:6)
  2 orc warriors
  2 ice beasts (D:7)
  A sky beast (D:8)
  A slave (D:7)
  2 phantoms
  3 centaurs
  5 ogres
  A crocodile (D:10)
  2 big kobolds
  Blork the orc (D:4)
  2 bullfrogs
  2 scorpions
  5 wights
  A crimson imp (D:5)
  4 orc wizards
  A bullfrog skeleton (D:10)
  A hound (D:6)
  5 orc priests
  Jessica (D:2)
  3 iguanas
  3 worker ants
  A hound skeleton (D:5)
  A howler monkey skeleton (D:10)
  4 adders
  A shadow imp (D:5)
  An adder skeleton (D:4)
  7 leopard geckos
  20 orcs
  A bat (D:1)
  2 giant cockroaches (D:5)
  A hobgoblin (D:1)
  4 jackals (D:4)
  13 kobolds
  2 quokkas (D:7)
  A ball python (D:2)
  A frilled lizard (D:4)
  A quokka skeleton (D:6)
  A quokka zombie (D:7)
128 creatures vanquished.

Vanquished Creatures (others)
  A hippogriff (D:6)
  A wight (D:10)
  A giant cockroach (D:6)
3 creatures vanquished.

Grand Total: 131 creatures vanquished

Notes
Turn   | Place    | Note
-------+----------+-------------------------------------------
     0 | D:1      | 4thArraOfDagon the Naga Fire Elementalist began the quest for the Orb.
     0 | D:1      | Reached XP level 1. HP: 15/15 MP: 3/3
    57 | D:2      | Noticed Jessica
    61 | D:2      | Killed Jessica
    61 | D:2      | Reached XP level 2. HP: 22/22 MP: 0/5
    61 | D:2      | Reached XP level 3. HP: 28/28 MP: 0/6
    80 | D:2      | You fall through a shaft!
    85 | D:3      | Noticed 4thArraOfDagon's ghost (weakling NaFE)
   173 | D:4      | Noticed Blork the orc
   178 | D:4      | Found Cumulote's Armour Emporium.
   254 | D:4      | Learned a level 3 spell: Conjure Flame
   285 | D:4      | Found Jyofyoff's Antique Weapon Shoppe.
   301 | D:4      | Reached XP level 4. HP: 7/36 MP: 0/7
   327 | D:4      | Learned a level 4 spell: Sticky Flame
   359 | D:4      | Noticed a moth of wrath
   388 | D:4      | Reached skill level 4 in Fire Magic
   398 | D:4      | Found Nenifea's Magic Scroll Boutique.
   399 | D:4      | Noticed a hippogriff
   493 | D:5      | Entered Level 5 of the Dungeon
   634 | D:6      | Noticed Edmund
   646 | D:6      | Noticed a water moccasin
   659 | D:6      | Killed a water moccasin
   659 | D:6      | Reached XP level 5. HP: 42/42 MP: 3/9
   703 | D:6      | Noticed Grinder
   719 | D:7      | Noticed Prince Ribbit
   721 | D:7      | Identified a scroll of acquirement
   730 | D:7      | :(
   737 | D:6      | Reached XP level 6. HP: 26/49 MP: 5/10
   751 | D:6      | Noticed Eustachio
   801 | D:6      | Paralysed by Grinder for 2 turns
   804 | D:6      | Killed Grinder
   804 | D:6      | Reached skill level 5 in Fire Magic
   857 | D:6      | Noticed a hippogriff
   880 | D:6      | Reached XP level 7. HP: 37/55 MP: 7/12
   894 | D:7      | :(
   899 | D:7      | Noticed a hippogriff
   905 | D:7      | Killed a hippogriff
   945 | D:7      | Learned a level 5 spell: Fireball
   987 | D:7      | Found a glowing golden altar of the Shining One.
   987 | D:7      | Found a shattered altar of Ashenzari.
  1019 | D:7      | Became a worshipper of Ashenzari the Shackled
  1052 | D:7      | Reached skill level 5 in Conjurations
  1052 | D:7      | Reached skill level 6 in Fire Magic
  1111 | D:7      | Reached XP level 8. HP: 46/62 MP: 4/14
  1160 | D:6      | Noticed Pikel
  1167 | D:7      | Killed Pikel
  1167 | D:7      | Reached skill level 7 in Fire Magic
  1191 | D:7      | Killed Edmund
  1211 | D:6      | Killed a hippogriff
  1251 | D:6      | Killed Eustachio
  1251 | D:6      | Reached XP level 9. HP: 44/68 MP: 2/16
  1289 | D:6      | Reached skill level 5 in Spellcasting
  1303 | D:6      | Reached skill level 8 in Fire Magic
  1370 | D:6      | Found a staircase to the Ecumenical Temple.
  1645 | D:5      | Got the falchion "Leiw Eno" {freeze, Fragile rPois Int+7}
  1646 | D:5      | Identified the +7 falchion "Leiw Eno" {freeze, Fragile rPois Int+7} (You found it on level 5 of the Dungeon)
  1677 | D:4      | Killed Blork the orc
  1715 | D:4      | Found Ulustopi's Book Shop.
  1746 | D:4      | Found Mynum's Antique Armour Emporium.
  1754 | D:4      | Bought an embroidered robe for 107 gold pieces
  1866 | D:4      | Bought a scroll of teleportation for 33 gold pieces
  1866 | D:4      | Bought a scroll of teleportation for 33 gold pieces
  1866 | D:4      | Bought a scroll of random uselessness for 11 gold pieces
  1866 | D:4      | Bought a scroll of identify for 22 gold pieces
  1866 | D:4      | Bought a scroll of identify for 22 gold pieces
  1979 | D:8      | Noticed a white ugly thing
  2094 | D:7      | Reached skill level 9 in Fire Magic
  2245 | D:7      | Killed Prince Ribbit
  2245 | D:7      | Reached XP level 10. HP: 30/75 MP: 9/18
  2335 | D:7      | Killed a white ugly thing
  2393 | D:8      | Reached * piety under Ashenzari
  2569 | D:10     | Entered Level 10 of the Dungeon
  2623 | D:10     | Noticed an unseen horror
  2631 | D:10     | Killed an unseen horror
  2631 | D:10     | Reached skill level 10 in Fire Magic
  2662 | D:10     | Noticed darksquall's ghost (novice OgIE)
  2690 | D:10     | Killed darksquall's ghost
  2747 | D:10     | Noticed an unseen horror
  2751 | D:10     | Killed an unseen horror
  2751 | D:10     | Reached skill level 10 in Conjurations
  2880 | D:10     | Found Kanoiwas's Food Emporium.
  2976 | D:10     | Noticed a purple ugly thing
  2984 | D:10     | Killed a purple ugly thing
  2984 | D:10     | Reached XP level 11. HP: 77/81 MP: 14/21
  2996 | D:10     | Reached skill level 11 in Fire Magic
  3024 | D:10     | Got the whip "Xasolim" {elec, rN+ Dex+2}
  3147 | D:11     | Found a staircase to the Orcish Mines.
  3165 | D:11     | Noticed a skeletal warrior
  3167 | D:11     | Noticed a death knight
  3170 | D:11     | Noticed a skeletal warrior
  3235 | D:12     | Noticed Erolcha
  3237 | D:12     | Noticed a cyclops
  3242 | D:12     | rip
  3242 | D:12     | have a nice ghost :)
  3242 | D:12     | Mangled by Erolcha

Vault maps used:
D:1:      minmay_arrival_four_loops
D:2:      amethyst_overflow_temple_binary, marbit_many_paths, uniq_jessica
D:3:      kennysheep_slugbush, kennysheep_ying_yang
D:4:      tgw_trog, serial_shops, kennysheep_little_box, shop, shop, shop, shop,
          first_ration, uniq_blork_the_orc
D:5:      zin_scriptorium, gup_sewer_entry_pipe, kennysheep_generic_room_5
D:6:      minmay_temple_entry_statues_pillars, kennysheep_another_room,
          uniq_grinder, uniq_pikel, uniq_edmund, uniq_eustachio
D:7:      gammafunk_temple_overflow_wave, grunt_ministairs_9,
          uniq_prince_ribbit1
D:8:      lair_entry_dummy, columned_hall_lemuel
D:9:      cheibrodos_steamvent, grunt_gozag_statues, serial_shops,
          nicolae_shop_statue_plus, uniq_grum
D:10:     minmay_blocky_corners, serial_shops, nicolae_shop_trees, uniq_joseph
D:11:     david_orc_3
D:12:     uniq_erolcha

Skill      XL: |  1  2  3  4  5  6  7  8  9 10 11 |
---------------+----------------------------------+-----
Conjurations   | 2 3 4 5 7 8 10 | 10.7
Fire Magic     | 4 5 6 7 9 10 11 | 11.1
Spellcasting   | 3 4 5 7 |  7.2
Dodging        | |  1.5
Stealth        | |  3.0

Action                   |  1- 3 |  4- 6 |  7- 9 | 10-12 || total
-------------------------+-------+-------+-------+-------++-------
Melee: Quarterstaff      |       |    22 |     2 |       ||    24
       Dire flail        |       |       |    47 |       ||    47
       War axe           |       |       |    12 |       ||    12
       Falchion          |       |       |    36 |    58 ||    94
 Cast: Flame Tongue      |    11 |    15 |    61 |    25 ||   112
       Conjure Flame     |       |     2 |     1 |     6 ||     9
       Sticky Flame      |       |     3 |    26 |    22 ||    51
       Fireball          |       |       |     1 |     7 ||     8
 Abil: Spit Poison       |    11 |     6 |    18 |     5 ||    40
Evoke: Wand              |       |       |       |     2 ||     2
  Use: Scroll            |     2 |     8 |     7 |     2 ||    19
       Potion            |     1 |     1 |     1 |     5 ||     8
 Stab: Sleeping          |       |       |     1 |       ||     1
       Paralysed         |       |       |       |     4 ||     4
  Eat: Chunk             |       |     1 |    18 |     5 ||    24
Armor: Skin              |       |    10 |       |       ||    10
       Robe              |       |     9 |    89 |    66 ||   164
Dodge: Dodged            |     7 |    26 |   111 |    66 ||   210
       Rpst.: Falchion   |       |       |     7 |    24 ||    31

Table legend:
 A = Spawn XP
 B = Non-spawn XP
 C = Spawn XP percentage of total XP
 D = Spawn monster count
 E = Non-spawn monster count
 F = Spawn count percentage of total count
 G = Total turns spent on level
                    A         B        C        D         E        F      G
               +---------+---------+-------+---------+---------+-------+---------
         Total |       0 |   10914 |   0.0 |       0 |     129 |   0.0 |  3242
               +---------+---------+-------+---------+---------+-------+---------
           D:1 |       0 |       4 |   0.0 |       0 |       2 |   0.0 |    53
           D:2 |       0 |      38 |   0.0 |       0 |       2 |   0.0 |    27
           D:4 |       0 |     586 |   0.0 |       0 |      14 |   0.0 |   593
           D:5 |       0 |     279 |   0.0 |       0 |      13 |   0.0 |   337
           D:6 |       0 |    1508 |   0.0 |       0 |      17 |   0.0 |   597
           D:7 |       0 |    2993 |   0.0 |       0 |      32 |   0.0 |   749
           D:8 |       0 |     484 |   0.0 |       0 |      16 |   0.0 |   165
          D:10 |       0 |    4676 |   0.0 |       0 |      18 |   0.0 |   506
          D:11 |       0 |     346 |   0.0 |       0 |      15 |   0.0 |   145
               +---------+---------+-------+---------+---------+-------+---------
